General information
- name: BNet
- type: Ladder 1vs1/FFA
- host: Battle.net
- saver: TIMG4STRok
map: EchoIsles
- players: 2
- length: 15:48
- speed: Fast
- version: 1.21 W3XP
- replay type:

» download(65 KB)
Players
team 1 (winner)

»
TIMG4STRok (
orange | 126 APM | 1991 actions | 15:48)
4 Death Knight
2 Death Coil
2 Unholy Aura
4 Lich
2 Frost Nova
2 Dark Ritual
» actions
| Assign group hotkey | 25 | |
| Basic commands | 93 | |
| Build / train | 45 | |
| ESC pressed | 4 | |
| Enter build submenu | 14 | |
| Enter hero's abilities submenu | 8 | |
| Give item / drop item | 1 | |
| Right click | 793 | |
| Select / deselect | 199 | |
| Select group hotkey | 740 | |
| Use ability | 69 | |
1991 total
» units
| Acolyte | 2 | |
| Ghoul | 10 | |
| Obsidian Statue | 9 | |
21 total
» upgrades
| Destroyer Form | 1 | |
| Creature Attack | 2 | |
3 total
» buildings
| Crypt | 1 | |
| Altar of Darkness | 1 | |
| Ziggurat | 6 | |
| Graveyard | 1 | |
| Tomb of Relics | 1 | |
| Halls of the Dead | 1 | |
| Black Citadel | 1 | |
| Slaughterhouse | 2 | |
14 total
» build order
00:07 Crypt
00:10 Altar of Darkness
00:34 Ziggurat
00:59 Graveyard
01:37 Tomb of Relics
02:05 Ziggurat
03:57 Halls of the Dead
04:34 Ziggurat
06:20 Black Citadel
06:54 Slaughterhouse
07:31 Slaughterhouse
07:33 Ziggurat
08:22 Ziggurat
10:51 Ziggurat
» items
| Rod of Necromancy | 1 | |
| Potion of Invisibility | 1 | |
| Scroll of Healing | 1 | |
| Potion of Greater Healing | 1 | |
| Claws of Attack +6 | 1 | |
| Gloves of Haste | 1 | |
6 total
team 2 (loser)

»
NomroM (
blue | 112 APM | 1771 actions | 15:45)
4 Archmage
2 Summon Water Elemental
1 Blizzard
1 Brilliance Aura
4 Mountain King
2 Storm Bolt
2 Thunder Clap
» actions
| Assign group hotkey | 5 | |
| Basic commands | 178 | |
| Build / train | 57 | |
| ESC pressed | 2 | |
| Enter build submenu | 34 | |
| Enter hero's abilities submenu | 8 | |
| Give item / drop item | 2 | |
| Remove unit from queue | 1 | |
| Right click | 855 | |
| Select / deselect | 489 | |
| Select group hotkey | 65 | |
| Use ability | 74 | |
1771 total
» units
| Peasant | 8 | |
| Footman | 4 | |
| Rifleman | 10 | |
| Priest | 1 | |
| Sorceress | 2 | |
25 total
» upgrades
| Lumber Harvesting | 1 | |
| Long Rifles | 1 | |
| Gunpowder | 2 | |
| Storm Hammers | 1 | |
5 total
» buildings
| Altar of Kings | 1 | |
| Barracks | 2 | |
| Farm | 11 | |
| Scout Tower | 4 | |
| Arcane Tower | 1 | |
| Keep | 1 | |
| Lumber Mill | 1 | |
| Blacksmith | 1 | |
| Arcane Vault | 2 | |
| Guard Tower | 1 | |
| Arcane Sanctum | 1 | |
| Castle | 1 | |
| Gryphon Aviary | 2 | |
| Town Hall | 1 | |
30 total
» build order
00:07 Altar of Kings
00:18 Barracks
00:35 Farm
00:50 Farm
01:44 Scout Tower
02:24 Arcane Tower
02:59 Keep
03:00 Farm
03:04 Lumber Mill
03:41 Farm
03:46 Blacksmith
03:58 Scout Tower
04:27 Arcane Vault
04:29 Guard Tower
05:05 Arcane Vault
05:23 Farm
06:03 Farm
06:45 Farm
07:17 Arcane Sanctum
07:49 Farm
10:14 Castle
10:39 Gryphon Aviary
10:40 Farm
12:10 Farm
12:39 Gryphon Aviary
13:35 Town Hall
13:37 Scout Tower
13:38 Scout Tower
13:48 Barracks
13:55 Farm
» items
| Scroll of Regeneration | 3 | |
| Scroll of Healing | 1 | |
| Potion of Lesser Invulnerability | 2 | |
| Scroll of Town Portal | 1 | |
| Potion of Healing | 1 | |
| Orb of Fire | 1 | |
9 total
Chat log
(15:43 / All) NomroM: gg
(15:44 / All) TIMG4STRok: gg